 Dungeon Crawl Stone Soup version 0.31-a0-700-gf13585253f (webtiles) character file.

Game seed: 16645536134390314048

1390 qw the Skirmisher (level 8, 0/49 HPs)
             Began as a Gargoyle Hunter on Sept 7, 2023.
             Was a Believer of Okawaru.
             Slain by an orc warrior
             ... wielding a +0 trident
              (1 damage)
             ... on level 6 of the Dungeon.
             The game lasted 00:01:25 (4492 turns).

qw the Skirmisher (Gargoyle Hunter)                 Turns: 4492, Time: 00:01:25

Health: 0/49       AC: 22    Str: 15    XL:     8   Next: 68%
Magic:  10/11      EV: 14    Int: 10    God:    Okawaru [**....]
Gold:   306        SH:  0    Dex: 15    Spells: 7/7 levels left

rFire   + . .        g - +0 longbow (heavy)
rCold   . . .        (shield currently unavailable)
rNeg    + . .        a - +2 ring mail {rF+}
rPois   inf          (no helmet)
rElec   +            (no cloak)
rCorr   .            l - +0 pair of gloves
SInv    +            u - +2 pair of boots
Will    .....        m - amulet of faith
Stlth   +            e - ring of see invisible
HPRegen 0.28/turn    c - +4 ring of protection
MPRegen 0.12/turn

%: faith
@: confused, heroic, flying
A: sickness immunity, AC +5, negative energy resistance 1, electricity
resistance, torment resistance 1, petrification resistance, big wings, hooves 1,
large bone plates 1
a: Renounce Religion, Heroism


You were on level 6 of the Dungeon.
You worshipped Okawaru.
Okawaru was pleased with you.
You visited 1 branch of the dungeon, and saw 6 of its levels.

You collected 360 gold pieces.
You spent 54 gold pieces at shops.


Innate Abilities, Weirdness & Mutations

You are immune to sickness and miasma.
Your stone body is resilient. (AC +5)
You are immune to poison.
You resist negative energy. (rN+)
You are resistant to electric shocks. (rElec)
You are resistant to unholy torment.
You are immune to petrification.
Your large and strong wings let you fly.
You have large cloven feet.
You are partially covered in large bone plates. (SH +4)


   Skills:
 + Level 5.2(10.2) Fighting
 - Level 9.0(14.0) Ranged Weapons
 - Level 2.0(7.0) Armour
 - Level 2.1(7.1) Dodging
 - Level 1.1(6.1) Stealth
 - Level 4.0 Invocations


You had 7 spell levels left.
You didn't know any spells.
Your spell library was empty.

Inventory:

Hand Weapons
 g - a +0 heavy longbow (weapon)
Armour
 a - a +2 ring mail of fire resistance (worn)
 b - the +5 ring mail "Joemienno" {Harm rF- Str+3 SInv}
   (You found it on level 3 of the Dungeon)

   Str+3:     It affects your strength (+3).
   rF-:       It makes you vulnerable to fire.
   SInv:      It lets you see invisible.
   Harm:      It increases damage dealt and taken.
 l - a +0 pair of gloves (worn)
 u - a +2 pair of boots (worn)
Jewellery
 c - a +4 ring of protection (right hand)
 e - a ring of see invisible (left hand)
 m - an amulet of faith (around neck)
Scrolls
 h - a scroll of identify
Potions
 d - a potion of resistance
 i - a potion of mutation
 j - 2 potions of haste
 k - a potion of enlightenment
 n - a potion of attraction {unknown}
 p - a potion of curing {unknown}
 q - a potion of berserk rage {unknown}
 r - a potion of degeneration {unknown}
 t - a potion of lignification {unknown}

Dungeon Overview and Level Annotations

Branches:
Dungeon (6/15)             Temple (0/1) D:6

Altars:
Hepliaklqana
Kikubaaqudgha
Okawaru
Ru
Uskayaw

Shops:
D:2 [


Message History

Beogh smites you!
4488 |||
Found retreat position at 0,-1 (orc warrior; floor) with 0 blocking monsters and 4 monsters attacking at destination at distance 1 You shoot an arrow.
The arrow hits the orc priest!!!
You kill the orc priest!
Okawaru accepts your kill. The orc warrior misses you.
The orc wizard closely misses you.
The orc priest hits you with a +0 short sword.
The orc priest closely misses you.
The orc wizard casts a spell.
The orc wizard flickers and vanishes for a moment.
The orc warrior hits you with a +0 trident!
The orc wizard hits you but does no damage.
Your base Ranged Weapons skill increases to level 9!
4489 |||
Found retreat position at 0,-1 (orc warrior; floor) with 0 blocking monsters and 4 monsters attacking at destination at distance 1 You shoot an arrow.
The arrow hits the orc priest!
The orc priest is severely wounded.
The orc wizard hits you but does no damage.
You block the orc warrior's attack.
The orc priest invokes the aid of Beogh against you.
Beogh smites you! The orc wizard closely misses you.
4490 |||
Found retreat position at 0,-1 (orc warrior; floor) with 0 blocking monsters and 4 monsters attacking at destination at distance 1 You shoot an arrow.
The arrow hits the orc priest!!
You kill the orc priest!
Okawaru accepts your kill.
The orc wizard gestures at you while chanting.
You resist with some effort. The orc warrior closely misses you.
The orc wizard hits you but does no damage.
The ogre closely misses you. The orc wizard casts a spell at you.
You are confused.
The orc warrior hits you but does no damage.
The orc wizard hits you but does no damage.
The orc wizard hits you but does no damage.
The orc wizard hits you with a +0 dagger.
The orc warrior hits you with a +0 trident.
The ogre closely misses you.
The orc wizard gestures at you while chanting.
You resist with some effort.
The orc warrior hits you with a +0 trident.
You die...

... ##...
..#..##.
..#.#... ......#
##....#### #.
#oo.......
#..$###@O.#.....
........o.......
........<..####
.....P.P..##
..####.##..# #
#.. P.# ...> ...
#P#.. P[.. ####.
#....


You could see an orc warrior, an ogre and 2 orc wizards.

Vanquished Creatures
  Eustachio (D:5)
  Edmund (D:5)
  2 black bears (D:5)
  An ice beast (D:5)
  An ogre (D:5)
  A phantom (D:5)
  2 scorpions (D:5)
  4 orc priests
  A hound (D:4)
  A sleepcap (D:5)
  Ijyb (D:5)
  Jessica (D:2)
  3 iguanas
  3 orc wizards
  10 gnolls (D:5)
  5 adders
  2 dart slugs
  14 orcs
  7 ball pythons
  6 bats
  2 endoplasms
  3 giant cockroaches
  12 goblins
  3 hobgoblins
  4 kobolds
  3 quokkas
  A frilled lizard (D:3)
  6 rats
101 creatures vanquished.

Notes
Turn   | Place    | Note
-------+----------+-------------------------------------------
     0 | D:1      | qw the Gargoyle Hunter began the quest for the Orb.
     0 | D:1      | Reached XP level 1. HP: 12/12 MP: 1/1
     0 | D:1      | 0 ||| qw: Version: 0.3-a-76-g4403597
     0 | D:1      | 0 ||| qw: Game counter: 518
     0 | D:1      | 0 ||| qw: Melee chars always use a shield: true
     0 | D:1      | 0 ||| qw: God list: Okawaru
     0 | D:1      | 0 ||| qw: Allow faded altars: false
     0 | D:1      | 0 ||| qw: Do Orc after clearing Dungeon:15 true
     0 | D:1      | 0 ||| qw: Do second Lair branch before Depths: true
     0 | D:1      | 0 ||| qw: Lair rune preference: random
     0 | D:1      | 0 ||| qw: Goals: Normal
     0 | D:1      | 0 ||| PLANNING D:1-11
     9 | D:1      | Found a faded altar of an unknown god.
    99 | D:1      | Reached XP level 2. HP: 17/17 MP: 2/2
   577 | D:1      | 577 ||| UPGRADING to +0 ring mail.
   587 | D:1      | 587 ||| DROPPING +0 leather armour.
   588 | D:1      | 588 ||| UPGRADING to ring of see invisible.
   589 | D:1      | 589 ||| READING 2 scrolls labelled TIWNEOWKEIFI.
   590 | D:1      | 590 ||| READING scroll of enchant weapon.
   590 | D:1      | 590 ||| ENCHANTING +1 shortbow.
   591 | D:1      | 591 ||| READING 2 scrolls labelled AMONIWORYPT.
   592 | D:1      | 592 ||| DRINKING 2 fizzy amethyst potions.
   592 | D:1      | Gained mutation: You have large cloven feet. [potion of
                  | mutation]
   592 | D:1      | Gained mutation: You are partially covered in large bone
                  | plates. (SH +4) [potion of mutation]
   592 | D:1      | Gained mutation: Your large and strong wings let you fly.
                  | [potion of mutation]
   593 | D:1      | 593 ||| DROPPING scroll of butterflies.
   707 | D:2      | Reached skill level 1 in Armour
   742 | D:2      | Reached XP level 3. HP: 21/21 MP: 3/3
   807 | D:2      | Found Loeciluiq's Armour Emporium.
   812 | D:2      | 812 ||| BUYING +0 pair of boots (54 gold).
   812 | D:2      | Bought a +0 pair of boots for 54 gold pieces
   812 | D:2      | 812 ||| SHOPLISTING +0 pair of gloves (54 gold, have 32).
   812 | D:2      | 812 ||| SHOPLISTING +0 ring mail of willpower (132 gold,
                  | have 32).
   812 | D:2      | 812 ||| SHOPLISTING +1 cloak of Starlight {*Dazzle EV+4
                  | Stlth--} (366 gold, have 32).
   902 | D:2      | Noticed Jessica
   906 | D:2      | Killed Jessica
   907 | D:2      | Reached skill level 5 in Ranged Weapons
  1126 | D:2      | Reached XP level 4. HP: 27/27 MP: 4/4
  1357 | D:2      | 1357 ||| SWAPPING to +0 longbow.
  1358 | D:2      | 1358 ||| DROPPING +2 shortbow.
  1359 | D:2      | 1359 ||| UPGRADING to +0 pair of boots.
  1364 | D:2      | 1364 ||| UPGRADING to +0 pair of gloves.
  1369 | D:2      | 1369 ||| UPGRADING to +4 ring of protection.
  1370 | D:2      | 1370 ||| READING scroll labelled TYTWIN FACH.
  1371 | D:2      | 1371 ||| DRINKING 2 bubbling pink potions.
  1372 | D:2      | 1372 ||| DROPPING potion of brilliance.
  1413 | D:3      | Found a hide-covered altar of Uskayaw.
  1573 | D:3      | Found an iron altar of Okawaru.
  1574 | D:3      | 1574 ||| PLANNING OKAWARU WORSHIP
  1574 | D:3      | 1574 ||| READING scroll labelled KINANNOGUU.
  1584 | D:3      | Became a worshipper of Warmaster Okawaru
  1585 | D:3      | 1585 ||| PLANNING D:1-11
  1651 | D:3      | Reached skill level 3 in Fighting
  1705 | D:3      | Identified the +5 ring mail "Joemienno" {Harm rF- Str+3
                  | SInv}
  1917 | D:3      | 1917 ||| READING scroll of brand weapon.
  1917 | D:3      | 1917 ||| BRANDING +0 longbow of freezing.
  2069 | D:3      | Reached XP level 5. HP: 32/32 MP: 5/5
  2300 | D:3      | 2300 ||| READING scroll labelled BEADULY BEANK.
  2301 | D:3      | 2301 ||| READING scroll labelled BITTOUNKICA.
  2302 | D:3      | 2302 ||| READING 4 scrolls of identify.
  2302 | D:3      | 2302 ||| IDENTIFYING glowing ruby potion
  2303 | D:3      | 2303 ||| READING 3 scrolls of identify.
  2303 | D:3      | 2303 ||| IDENTIFYING clear potion
  2304 | D:3      | 2304 ||| READING 2 scrolls of identify.
  2304 | D:3      | 2304 ||| IDENTIFYING lumpy emerald potion
  2327 | D:4      | 2327 ||| STAIRDANCE
  2348 | D:4      | 2348 ||| STAIRDANCE
  2353 | D:4      | 2353 ||| STAIRDANCE
  2377 | D:3      | Reached skill level 6 in Ranged Weapons
  2448 | D:4      | 2448 ||| STAIRDANCE
  2490 | D:4      | 2490 ||| STAIRDANCE
  2497 | D:4      | 2497 ||| STAIRDANCE
  2500 | D:3      | Reached XP level 6. HP: 30/38 MP: 6/6
  2552 | D:4      | Reached * piety under Okawaru
  2725 | D:4      | Found an ancient bone altar of Kikubaaqudgha.
  3084 | D:4      | Reached skill level 1 in Invocations
  3468 | D:4      | 3468 ||| UPGRADING to +2 pair of boots.
  3478 | D:4      | 3478 ||| DROPPING +0 pair of boots.
  3479 | D:4      | 3479 ||| UPGRADING to amulet of faith.
  3484 | D:4      | 3484 ||| READING scroll labelled ZYEVVO WEELIM.
  3485 | D:4      | 3485 ||| READING scroll labelled RAJA XOREMEPE.
  3486 | D:4      | 3486 ||| READING scroll labelled LAAHAGHOTA.
  3528 | D:5      | Entered Level 5 of the Dungeon
  3599 | D:5      | Noticed Ijyb
  3600 | D:5      | 3600 ||| INVOKING Heroism.
  3604 | D:5      | Killed Ijyb
  3624 | D:5      | Noticed a black bear
  3625 | D:5      | 3625 ||| INVOKING Heroism.
  3628 | D:5      | Killed a black bear
  3629 | D:5      | Reached skill level 7 in Ranged Weapons
  3629 | D:5      | Reached XP level 7. HP: 43/43 MP: 5/8
  3682 | D:5      | 3682 ||| INVOKING Heroism.
  3690 | D:5      | 3690 ||| INVOKING Heroism.
  3872 | D:5      | 3872 ||| INVOKING Heroism.
  3876 | D:5      | Reached skill level 8 in Ranged Weapons
  3922 | D:5      | Found a sacrificial altar of Ru.
  4007 | D:5      | Reached XP level 8. HP: 48/48 MP: 10/10
  4018 | D:5      | Reached skill level 3 in Invocations
  4188 | D:5      | Noticed Edmund
  4189 | D:5      | 4189 ||| INVOKING Heroism.
  4194 | D:5      | Killed Edmund
  4247 | D:5      | Noticed Eustachio
  4248 | D:5      | 4248 ||| INVOKING Heroism.
  4253 | D:5      | Killed Eustachio
  4288 | D:5      | Reached ** piety under Okawaru
  4319 | D:5      | 4319 ||| INVOKING Heroism.
  4364 | D:5      | Found a hazy altar of Hepliaklqana.
  4442 | D:5      | 4442 ||| UPGRADING to +2 ring mail of fire resistance.
  4452 | D:5      | 4452 ||| DROPPING +0 ring mail.
  4453 | D:5      | 4453 ||| READING scroll labelled GUSEM ETHRIMIR.
  4484 | D:6      | 4484 ||| RETREATING.
  4484 | D:6      | Found a staircase to the Ecumenical Temple.
  4485 | D:6      | 4485 ||| Stepping ~*~*~tactically~*~*~ (retreating).
  4486 | D:6      | 4486 ||| INVOKING Heroism.
  4489 | D:6      | Reached skill level 9 in Ranged Weapons
  4489 | D:6      | HP: 5/49 [orc priest/divine providence (10)]
  4491 | D:6      | HP: 1/49 [orc warrior/+0 trident (2)]
  4492 | D:6      | Slain by an orc warrior

Levels and vault maps discovered:
D:1:      eino_arrival_water_cross, layout_basic,
          chequers_ecumenical_altar_island
D:2:      layout_basic, serial_shops, nicolae_shop_tiny_statue_garden,
          kennysheep_generic_room_6, uniq_jessica
D:3:      layout_loops_corners, mainiacjoe_overflow_small_starburst,
          nicolae_uskayaw_murder_on_the_dancefloor, st_stairs_2,
          chequers_mini_garden, grunt_decor_arrowhead, dk_noncrumbling_3,
          nrook_campfire
D:4:      layout_layer_cave, mainiacjoe_overflow_cross_hatched
D:5:      layout_gridville, nzn_hepliaklqana_mist_gate,
          mainiacjoe_overflow_24_doors, uniq_edmund, uniq_eustachio, uniq_ijyb
D:6:      layout_rooms, minmay_temple_entry_gardened_gates, minivault_1

Skill      XL: |  1  2  3  4  5  6  7  8 |
---------------+-------------------------+-----
Armour         | 1 2 |  2.0
Ranged Weapons | 5 6 7 8 9 |  9.0
Fighting       | 3 4 5 |  5.2
Invocations    | 1 2 4 |  4.0
Dodging        | 2 |  2.1
Stealth        | |  1.1

Action                     |  1- 3 |  4- 6 |  7- 9 || total
---------------------------+-------+-------+-------++-------
   Fire: Shortbow          |    61 |     7 |       ||    68
         Longbow           |       |   100 |    58 ||   158
 Invoke: Heroism           |       |     2 |     7 ||     9
    Use: Scroll            |     3 |    11 |     1 ||    15
         Potion            |     1 |     1 |       ||     2
 Armour: Leather armour    |     1 |       |       ||     1
         Ring mail         |     7 |    58 |    48 ||   113
  Dodge: Dodged            |     3 |    39 |    43 ||    85
  Block: Other             |     1 |     8 |    10 ||    19

Table legend:
 A = Non-vault XP
 B = Vault XP
 C = Vault XP percentage of total XP
 D = Non-vault monster count
 E = Vault monster count
 F = Vault count percentage of total count
                 A         B        C        D         E       F
            +---------+---------+-------+---------+---------+-------
      Total |    1548 |     438 |  22.1 |      93 |       8 |   7.9
            +---------+---------+-------+---------+---------+-------
        D:1 |      24 |       0 |   0.0 |      14 |       0 |   0.0
        D:2 |      27 |      39 |  59.1 |      15 |       2 |  11.8
        D:3 |     220 |      17 |   7.2 |      28 |       3 |   9.7
        D:4 |     140 |       0 |   0.0 |      11 |       0 |   0.0
        D:5 |    1051 |     382 |  26.7 |      23 |       3 |  11.5
        D:6 |      86 |       0 |   0.0 |       2 |       0 |   0.0
            +---------+---------+-------+---------+---------+-------
